 Dungeon Crawl Stone Soup version 0.22-a0-322-g60b3cfd (webtiles) character file.

36209 matakusis the Convoker (level 13, -3/63 HPs)
             Began as a Deep Elf Summoner on Apr 3, 2018.
             Was a High Priest of Sif Muna.
             Killed from afar by a blizzard demon (11 damage)
             ... with a bolt of lightning
             ... in an ice cave.
             The game lasted 02:14:58 (21141 turns).

matakusis the Convoker (Deep Elf Summoner)         Turns: 21141, Time: 02:14:59

Health: -3/63      AC: 12    Str:  7    XL:     13   Next: 51%
Magic:  9/32       EV: 20    Int: 30    God:    Sif Muna [*****.]
Gold:   1369       SH:  0    Dex: 15    Spells: 0/39 levels left

rFire    + . .     SeeInvis .   T - staff of cold
rCold    + + +     Gourm    .   (no shield)
rNeg     . . .     Faith    .   j - +2 robe {Archmagi}
rPois    +         Spirit   .   H - +1 hat {MR+}
rElec    +         Reflect  .   V - +1 cloak
rCorr    +         Harm     .   Q - +0 pair of gloves
MR       ++...                  g - +0 pair of boots
Stlth    ++........             G - amulet of regeneration
HPRegen  0.00/turn              t - ring of protection from cold
MPRegen  0.23/turn              o - ring "Waesar" {rPois AC+3 Int+4}

@: about to teleport, resistant, very slightly contaminated
A: horns 1, inhibited regeneration, strong 1
a: Divine Energy, Channel Magic, Forget Spell, Renounce Religion


You were in an ice cave.
You worshipped Sif Muna.
Sif Muna was extremely pleased with you.
You were not hungry.

You visited 4 branches of the dungeon, and saw 19 of its levels.
You also visited: Labyrinth, Bailey and Ice Cave.

You collected 1569 gold pieces.
You spent 200 gold pieces at shops.

Inventory:

Hand Weapons
 p - a +1 rapier of venom
 K - the +0 morningstar "Revvobus" {crush, rN+ Str+3}
   (You found it in a labyrinth)

   It inflicts extra damage upon your enemies.
   It affects your strength (+3).
   It protects you from negative energy.
Missiles
 l - 184 arrows
Armour
 g - a +0 pair of boots (worn)
 j - a +2 robe of the Archmagi (worn)
 B - a +0 troll leather armour
 H - a +1 hat of magic resistance (worn)
 L - a +1 crystal plate armour
 M - +2 ice dragon scales
 N - a +0 robe of magic resistance
 Q - a +0 pair of gloves (worn)
 S - the +2 ring mail of the Fisher {rN+++ Dex-3}
   (You found it on level 5 of the Lair of Beasts)

   It affects your dexterity (-3).
   It renders you almost immune to negative energy.
 V - a +1 cloak (worn)
Magical Staves
 T - an uncursed staff of cold (weapon)
Jewellery
 o - the ring "Waesar" (right hand) {rPois AC+3 Int+4}
   (You found it on level 5 of the Dungeon)

   [ring of protection]

   It affects your AC (+3).
   It affects your intelligence (+4).
   It protects you from poison.
 t - a ring of protection from cold (left hand)
 v - an uncursed ring of see invisible
 y - an uncursed ring of protection from magic
 D - a +5 ring of evasion
 G - an amulet of regeneration (around neck)
 R - an uncursed amulet of the gourmand
Wands
 b - a wand of flame (77)
 w - a wand of polymorph (31)
 E - a wand of acid (17)
 F - a wand of iceblast (23)
 I - a wand of random effects (55)
 O - a wand of disintegration (20)
Scrolls
 d - a scroll of teleportation
 i - 2 scrolls of noise
 k - 3 scrolls of fog
 s - a scroll of enchant weapon
 z - 4 scrolls of enchant armour
 C - 2 scrolls of identify
 J - 2 scrolls of brand weapon
 P - 4 scrolls of remove curse
Potions
 e - 7 potions of curing
 f - 2 potions of brilliance
 q - 2 potions of cancellation
 r - 3 potions of might
 u - 2 potions of agility
 x - 2 potions of haste
 A - 3 potions of flight
 U - 2 potions of invisibility
Comestibles
 c - 48 rations


   Skills:
 - Level 0.8 Maces & Flails
 * Level 11.0 Dodging
 - Level 2.4 Stealth
 + Level 13.7 Spellcasting
 * Level 8.6 Hexes
 * Level 15.2 Summonings
 - Level 1.0 Translocations
 + Level 10.3 Ice Magic
 + Level 5.3 Air Magic


You couldn't memorise any spells.
You knew the following spells:

 Your Spells              Type           Power        Failure   Level  Hunger
a - Metabolic Englaciati  Hex/Ice        ########..   1%          5    None
b - Call Imp              Summ           ########     0%          2    None
c - Summon Ice Beast      Ice/Summ       ########     1%          4    None
d - Summon Lightning Spi  Summ/Air       #######.     1%          4    None
e - Summon Demon          Summ           ########..   1%          5    None
f - Cause Fear            Hex            #######...   1%          4    None
g - Summon Forest         Summ/Tloc      #######...   2%          5    None
h - Ozocubu's Armour      Chrm/Ice       #######.     1%          3    None
i - Monstrous Menagerie   Summ           ########..   3%          7    #####..


Dungeon Overview and Level Annotations

Branches:
Dungeon (11/15)            Temple (1/1) D:5            Lair (6/6) D:9
 Shoals (1/4) Lair:3       Spider (0/4) Lair:4        Slime (0/5) Lair:5
    Orc (0/2) D:9

Altars:
Ashenzari
Cheibriados
Dithmenos
Elyvilon
Fedhas
Gozag
Hepliaklqana
Kikubaaqudgha
Makhleb
Nemelex Xobeh
Okawaru
Qazlal
Ru
Sif Muna
Trog
Uskayaw
Vehumet
Wu Jian
Xom
Yredelemnul
Zin
The Shining One

Shops:
D:9 :   D:10 }


Innate Abilities, Weirdness & Mutations

You have a pair of small horns on your head.
You do not regenerate when monsters are visible.
Your muscles are strong. (Str +2)


Message History

The blizzard demon shouts!
The blizzard demon closely misses you. The blizzard demon barely misses you.
Okay, then.
Okay, then.
Press: ? - help, v - describe, . - travel
Here: a blizzard demon Some ice crusted shallow water.
You feel protected. The blizzard demon gestures at you.
The freezing blast engulfs you! You resist.
* * * LOW HITPOINT WARNING * * *
As you read the scroll of teleportation, it crumbles to dust.
You feel strangely unstable.
You are engulfed in freezing vapours.
You resist.
* * * LOW HITPOINT WARNING * * *
The blizzard demon gestures at you. The bolt of lightning misses you.
The blizzard demon is engulfed in freezing vapours.
The blizzard demon gestures at you. The bolt of lightning hits you! You resist.
You die...

######### ######## ####
###....#.≈######§...2.## ##§§.
###....≈#§##≈≈##@§##.....####§§##
#...###.#####≈§2######...2#§§§###
..##≈≈### ##§§≈#≈ ###....### #
######## #§≈≈≈≈≈≈##..####### #
####...### #≈≈≈≈≈≈≈##.#(####§.###
.....##..###≈≈≈≈≈≈≈≈≈≈####§§##.#.
..⌠...###..#≈≈≈≈≈≈≈≈####§§#####.#
.(.[..##...##≈≈≈≈≈≈#§§2§### ###
.#########..##≈≈≈###2####


You could see 2 blizzard demons.

Vanquished Creatures
  A spiny frog (Lair:3)
  A yak (Lair:5)
  A harpy simulacrum (IceCv)
  A crocodile (Lair:6)
  A bullfrog (D:9)
  A hound (D:11)
  An ooze (D:5)
  A bat (D:3)
  A ball python (D:6)
  A plant (Lair:6)
10 creatures vanquished.

Vanquished Creatures (collateral kills)
  Gastronok (Lair:3)
  Kirke (Lair:6)
  A minotaur (Lab)
  A fire dragon (Lair:6)
  A catoblepas (Lair:6)
  A centaur warrior (D:10)
  6 hydras
  A merfolk aquamancer (Shoals:1)
  3 death yaks
  5 two-headed ogres
  Nergalle (D:11)
  3 orc knights (Bailey)
  2 lindwurms (Lair:6)
  An oklob plant (D:8)
  A manticore (Shoals:1)
  5 elephants (Lair:3)
  An ice statue (IceCv)
  A black mamba (Lair:6)
  6 gargoyles (Lab)
  8 spiny frogs
  5 torpor snails (Lair:6)
  A minotaur zombie (Lab)
  3 freezing wraiths (IceCv)
  A rime drake (Lair:6)
  3 anaconda simulacra (IceCv)
  A golden dragon simulacrum (IceCv)
  6 komodo dragons
  4 ice devils (IceCv)
  2 trolls
  A merfolk (Shoals:1)
  6 hornets (Lair:6)
  3 tyrant leeches (Lair:6)
  The ghost of xccam the Cutter, an amateur GnWn (D:3)
  11 polar bears
  Prince Ribbit (D:8)
  A wolf spider simulacrum (IceCv)
  Grinder (D:5)
  13 blink frogs
  2 raiju (Lair:6)
  6 dream sheep
  8 hippogriffs
  A dire elephant simulacrum (IceCv)
  A redback (Lab)
  A spriggan (Lair:2)
  A human (D:7)
  3 water elementals (Shoals:1)
  2 wyverns
  8 hogs
  32 yaks
  4 basilisks
  Eustachio (D:5)
  22 hungry ghosts
  4 wargs (Lair:6)
  3 iron troll simulacra (IceCv)
  Menkaure (D:7)
  A harpy simulacrum (IceCv)
  A soldier ant (D:10)
  15 hell hounds (Lair:6)
  4 hydra simulacra (IceCv)
  Duvessa (D:5)
  14 water moccasins
  14 porcupines
  15 orc warriors
  2 phantoms
  4 sky beasts
  2 ice beasts
  2 ogres
  13 black bears
  22 wolves
  3 centaurs
  8 crocodiles
  13 bullfrogs
  2 earth elementals (Lab)
  6 scorpions
  Dowan (D:5)
  2 water moccasin skeletons
  7 killer bees
  5 wights (D:10)
  A troll skeleton (Lab)
  5 howler monkeys
  2 spriggan skeletons (Lab)
  6 draconian simulacra (IceCv)
  A centaur zombie (D:9)
  3 crimson imps
  3 quasits
  3 hounds
  A bullfrog zombie (D:7)
  15 jellies
  7 orc priests
  4 centaur skeletons
  Jessica (D:2)
  2 iguanas
  12 orc wizards
  7 worker ants
  2 polar bear simulacra (IceCv)
  8 hell rats
  2 troll simulacra (IceCv)
  2 wolf simulacra (IceCv)
  A centaur simulacrum (IceCv)
  An ogre skeleton (Lab)
  A hound skeleton (D:6)
  2 worker ant zombies
  11 river rats
  11 adders
  3 naga simulacra (IceCv)
  7 shadow imps
  4 white imps (IceCv)
  12 ufetubi (IceCv)
  2 oozes
  2 adder skeletons (D:9)
  An adder zombie (D:7)
  2 worms
  A dart slug (D:1)
  3 leopard geckos
  68 orcs
  7 giant cockroaches
  6 hobgoblins
  5 jackals
  5 quokkas
  A ball python (D:3)
  13 bats
  4 frilled lizards
  8 goblins
  7 kobolds
  A leopard gecko zombie (D:4)
  A quokka skeleton (D:5)
  8 rats
  2 bushes (Lair:5)
  10 fungi
  8 plants
676 creatures vanquished.

Vanquished Creatures (others)
  2 white imps (IceCv)
  17 fungi
  12 plants
31 creatures vanquished.

Grand Total: 717 creatures vanquished

Notes
Turn   | Place    | Note
-------+----------+-------------------------------------------
     0 | D:1      | matakusis the Deep Elf Summoner began the quest for the Orb.
     0 | D:1      | Reached XP level 1. HP: 10/10 MP: 6/6
   433 | D:1      | Reached XP level 2. HP: 15/15 MP: 5/8
   443 | D:1      | Learned a level 2 spell: Call Imp
  1144 | D:2      | Reached skill level 5 in Summonings
  1296 | D:2      | Reached XP level 3. HP: 17/19 MP: 3/10
  1511 | D:2      | Noticed Jessica
  1529 | D:2      | Killed Jessica
  1759 | D:3      | Reached XP level 4. HP: 17/24 MP: 6/12
  2041 | D:3      | Noticed xccam's ghost (amateur GnWn)
  2057 | D:3      | Killed xccam's ghost
  2057 | D:3      | Reached skill level 5 in Spellcasting
  2057 | D:3      | Reached skill level 6 in Summonings
  2057 | D:3      | Reached XP level 5. HP: 28/28 MP: 8/14
  2430 | D:3      | Learned a level 4 spell: Summon Ice Beast
  2435 | D:3      | Learned a level 4 spell: Summon Lightning Spire
  2632 | D:4      | Reached XP level 6. HP: 32/32 MP: 7/15
  3313 | D:5      | Entered Level 5 of the Dungeon
  3313 | D:5      | Noticed a sky beast
  3316 | D:5      | Noticed a spatial vortex
  3320 | D:5      | Killed a sky beast
  3320 | D:5      | Reached skill level 7 in Summonings
  3320 | D:5      | Reached skill level 1 in Ice Magic
  3351 | D:5      | Found a radiant altar of Vehumet.
  3427 | D:5      | Noticed Eustachio
  3435 | D:5      | Killed Eustachio
  3463 | D:5      | Noticed Grinder
  3471 | D:5      | Killed Grinder
  3471 | D:5      | Reached XP level 7. HP: 36/36 MP: 7/17
  3483 | D:5      | Noticed Dowan
  3489 | D:5      | Noticed Duvessa
  3489 | D:5      | Killed Dowan
  3495 | D:5      | Killed Duvessa
  3595 | D:5      | Found a burning altar of Makhleb.
  3840 | D:5      | Found a staircase to the Ecumenical Temple.
  3846 | Temple   | Entered the Ecumenical Temple
  3938 | Temple   | Became a worshipper of Sif Muna the Loreminder
  4334 | D:5      | Got a fine lead ring
  4335 | D:5      | Identified the ring "Waesar" {rPois AC+3 Int+4} (You found it on level 5 of the Dungeon)
  4520 | D:6      | Found a hazy altar of Hepliaklqana.
  4552 | D:6      | Reached skill level 8 in Summonings
  4580 | D:6      | Found a white marble altar of Elyvilon.
  4593 | D:6      | Reached skill level 1 in Air Magic
  4657 | D:6      | Reached XP level 8. HP: 41/41 MP: 4/19
  4821 | D:6      | Reached * piety under Sif Muna
  4965 | D:6      | Found a sparkling altar of Nemelex Xobeh.
  5187 | D:7      | Reached skill level 5 in Dodging
  5212 | D:7      | Reached skill level 9 in Summonings
  5291 | D:7      | Found a bloodstained altar of Trog.
  5295 | D:7      | Reached ** piety under Sif Muna
  5438 | D:7      | Reached skill level 5 in Ice Magic
  5882 | D:7      | Found a snail-covered altar of Cheibriados.
  5936 | D:7      | Noticed Menkaure
  5942 | D:7      | Killed Menkaure
  5966 | D:7      | Reached XP level 9. HP: 28/45 MP: 10/22
  6553 | D:8      | Found a blossoming altar of Fedhas.
  6573 | D:8      | Noticed an oklob plant
  6581 | D:8      | Killed an oklob plant
  6667 | D:8      | Noticed Prince Ribbit
  6693 | D:8      | Killed Prince Ribbit
  6693 | D:8      | Reached *** piety under Sif Muna
  6740 | D:8      | Noticed a two-headed ogre
  6752 | D:8      | Killed a two-headed ogre
  6752 | D:8      | Reached skill level 10 in Summonings
  6753 | D:8      | Found an opulent altar of Gozag.
  6758 | D:8      | Found a stormy altar of Qazlal.
  6787 | D:8      | Noticed a two-headed ogre
  6788 | D:8      | Killed a two-headed ogre
  6891 | D:8      | Found a shattered altar of Ashenzari.
  6905 | D:8      | Found a sacrificial altar of Ru.
  7640 | D:9      | Found Faweiban's Book Shop.
  7646 | D:9      | Noticed a death yak
  7654 | D:9      | Noticed a death yak
  7654 | D:9      | Noticed a two-headed ogre
  7656 | D:9      | Noticed a death yak
  7783 | D:8      | Killed a death yak
  7783 | D:8      | Reached **** piety under Sif Muna
  7857 | D:9      | Reached XP level 10. HP: 23/50 MP: 4/25
  7926 | D:9      | Found a staircase to the Orcish Mines.
  8009 | D:9      | Reached skill level 11 in Summonings
  8066 | D:9      | Found a flagged portal.
  8076 | Bailey   | Entered a bailey
  8081 | Bailey   | Noticed an orc knight
  8093 | Bailey   | Killed an orc knight
  8102 | Bailey   | Noticed an orc knight
  8124 | Bailey   | Killed an orc knight
  8281 | Bailey   | Noticed an orc knight
  8288 | Bailey   | Killed an orc knight
  8381 | Bailey   | Reached skill level 10 in Spellcasting
  8483 | D:9      | Reached ***** piety under Sif Muna
  8554 | D:9      | Found an iron altar of Okawaru.
  8586 | D:9      | Found a staircase to the Lair.
  8602 | D:9      | Bought a book of Misfortune for 200 gold pieces
  8608 | D:9      | Learned a level 5 spell: Metabolic Englaciation
  8872 | D:9      | Killed a death yak
  8872 | D:9      | Reached skill level 1 in Hexes
  8889 | D:9      | Killed a death yak
  8919 | D:9      | Received a gift from Sif Muna
  8930 | D:9      | Learned a level 6 spell: Shadow Creatures
  9322 | D:9      | Killed a two-headed ogre
  9364 | D:10     | Entered Level 10 of the Dungeon
  9514 | D:10     | Noticed a two-headed ogre
  9524 | D:10     | Killed a two-headed ogre
  9549 | D:10     | Reached skill level 12 in Summonings
  9560 | D:10     | Found Mibly's Gadget Shoppe.
  9608 | D:10     | Learned a level 4 spell: Cause Fear
  9819 | D:10     | Reached XP level 11. HP: 54/54 MP: 22/27
 10020 | D:10     | Noticed a centaur warrior
 10032 | D:10     | Killed a centaur warrior
 10119 | D:11     | Noticed Nergalle
 10126 | D:11     | Noticed a two-headed ogre
 10132 | D:11     | Killed Nergalle
 10139 | D:11     | Killed a two-headed ogre
 10142 | D:11     | Noticed a brown ugly thing
 10481 | Lair:1   | Entered Level 1 of the Lair of Beasts
 10525 | Lair:1   | Noticed a four-headed hydra
 10532 | Lair:1   | Killed a four-headed hydra
 11554 | Lair:2   | Found a labyrinth entrance.
 11563 | Lab      | Entered a labyrinth
 12896 | Lab      | Received a gift from Sif Muna
 12914 | Lab      | Learned a level 5 spell: Summon Forest
 12921 | Lab      | Learned a level 5 spell: Summon Demon
 13098 | Lab      | Found an exit through the horrors of the Abyss.
 13348 | Lab      | Reached skill level 5 in Hexes
 13735 | Lab      | Noticed a sixfirhy
 13753 | Lab      | Noticed a minotaur
 13792 | Lab      | Killed a minotaur
 13792 | Lab      | Reached skill level 13 in Summonings
 13811 | Lab      | Got a slimy morningstar
 14482 | Lair:2   | Identified the cursed +0 morningstar "Revvobus" {crush, rN+ Str+3} (You found it in a labyrinth)
 15135 | Lair:2   | Reached XP level 12. HP: 59/59 MP: 24/29
 15454 | Lair:3   | Found a staircase to the Shoals.
 16153 | Lair:3   | Noticed Gastronok
 16168 | Lair:3   | Killed Gastronok
 16409 | Lair:4   | Identified Sif Muna's Collected Works on Companions (Sif Muna gifted it to you on level 4 of the Lair of Beasts)
 16409 | Lair:4   | Received a gift from Sif Muna
 16618 | Lair:4   | You fall through a shaft for 2 floors!
 16618 | Lair:6   | Entered Level 6 of the Lair of Beasts
 16873 | Lair:4   | Found a hole to the Spider Nest.
 17479 | Lair:5   | Gained mutation: Armour fits poorly on your strangely shaped body. [potion of mutation]
 17479 | Lair:5   | Gained mutation: You are partially covered in icy blue scales. (AC +2) [potion of mutation]
 17480 | Lair:5   | Lost mutation: Armour fits poorly on your strangely shaped body. [potion of mutation]
 17480 | Lair:5   | Lost mutation: You are partially covered in icy blue scales. (AC +2) [potion of mutation]
 17480 | Lair:5   | Gained mutation: You do not regenerate when monsters are visible. [potion of mutation]
 17480 | Lair:5   | Gained mutation: Your muscles are strong. (Str +2) [potion of mutation]
 17480 | Lair:5   | Gained mutation: You have a pair of small horns on your head. [potion of mutation]
 17559 | Lair:5   | Noticed a six-headed hydra
 17563 | Lair:5   | Killed a six-headed hydra
 17580 | Lair:5   | Noticed a six-headed hydra
 17586 | Lair:5   | Killed a six-headed hydra
 17622 | Lair:5   | Identified a scroll of acquirement
 17767 | Lair:5   | Reached skill level 1 in Translocations
 17878 | Lair:5   | Got a pitted ring mail
 17879 | Lair:5   | Identified the +2 ring mail of the Fisher {rN+++ Dex-3} (You found it on level 5 of the Lair of Beasts)
 17881 | Lair:5   | Found a staircase to the Slime Pits.
 18260 | Lair:6   | Noticed a five-headed hydra
 18270 | Lair:6   | Killed a five-headed hydra
 18270 | Lair:6   | Reached skill level 14 in Summonings
 18272 | Lair:6   | Reached skill level 10 in Dodging
 18306 | Lair:6   | Learned a level 3 spell: Ozocubu's Armour
 18463 | Lair:6   | Reached skill level 10 in Ice Magic
 18653 | Lair:6   | Identified Sif Muna's Incunabulum of Bewitching Conjuration (Sif Muna gifted it to you on level 6 of the Lair of Beasts)
 18653 | Lair:6   | Received a gift from Sif Muna
 18702 | Lair:6   | Reached skill level 5 in Air Magic
 18753 | Lair:6   | Identified the Disquisition on Congealing Flames
 18872 | Lair:6   | Noticed a four-headed hydra
 18878 | Lair:6   | Killed a four-headed hydra
 18949 | Lair:6   | Noticed an eight-headed hydra
 18956 | Lair:6   | Killed an eight-headed hydra
 18956 | Lair:6   | Reached XP level 13. HP: 63/63 MP: 19/31
 19185 | Lair:6   | Noticed Kirke
 19228 | Lair:6   | Killed Kirke
 19398 | Lair:6   | Found a runed door.
 19410 | Lair:6   | Noticed a fire dragon
 19423 | Lair:6   | Killed a fire dragon
 19632 | Lair:6   | Paralysed by a hornet for 1 turns
 19934 | Shoals:1 | Entered Level 1 of the Shoals
 19981 | Shoals:1 | Reached skill level 15 in Summonings
 20094 | Shoals:1 | Found a frozen archway.
 20103 | IceCv    | Entered an ice cave
 20868 | IceCv    | Identified Sif Muna's Volume of Captivating Companions (Sif Muna gifted it to you in an ice cave)
 20868 | IceCv    | Received a gift from Sif Muna
 20878 | IceCv    | Learned a level 7 spell: Monstrous Menagerie
 21062 | IceCv    | Noticed a blizzard demon
 21062 | IceCv    | Noticed a blizzard demon
 21141 | IceCv    | Killed from afar by a blizzard demon

Vault maps used:
D:1:      elethiomel_arrival_shortcut, minmay_box_of_dots
D:2:      uniq_jessica
D:3:      minivault_4
D:5:      kennysheep_mini, minmay_temple_entry_fiery, first_ration, st_stairs_9,
          roderic_roman_lattice, vehumet_altar_wand_db, uniq_eustachio,
          uniq_grinder, uniq_duvessa
D:6:      overflow_temple_1_default, lemuel_round_altar,
          nicolae_overflow_crystal_walls
D:7:      slow_altar_2, grunt_livestock, serial_bayou_pond_d,
          trog_ov_bears_minmay, uniq_menkaure
D:8:      tgw_fedhas, grunt_temple_overflow_cloverleaf, uniq_prince_ribbit1
D:9:      lemuel_round_altar, dpeg_lair_monsters, enter_bailey_3, serial_shops,
          shop
D:10:     serial_shops, shop
D:11:     basic_altar, uniq_nergalle
Temple:   eino_wide_crystal_templ
Lair:1:   grunt_megastairs_5
Lair:2:   lab_entry_generic, grunt_forest_large_clearing_hut
Lair:3:   shoals_dummy_entry, beast_lair_carwin_5, uniq_gastronok
Lair:4:   spider_nest_entry_web_field, kennysheep_rathole, lemuel_fruit_tree
Lair:5:   minmay_slime_entry_jelly_boxes
Lair:6:   hangedman_lair_caniforms_friends, wormcave, small_statue_intersection,
          uniq_kirke
Shoals:1: portal_ice_cave_entry_pillars_1, uniq_nikola
Lab:      labyrinth_hidden_loot, nicolae_lab_diamond, nicolae_lab_big_swirl,
          labyrinth_fake_exit, nicolae_lab_garden, lab_fountain, lab_block,
          nicolae_lab_x, nicolae_lab_swirl, nicolae_lab_hexagon,
          nicolae_lab_flowing_pool, nicolae_lab_statue,
          nicolae_lab_checkerboard, nicolae_lab_blocks, nicolae_lab_arrow
Bailey:   bailey_polearm_4, bailey
IceCv:    ice_cave_caverns_02

Skill      XL: |  1  2  3  4  5  6  7  8  9 10 11 12 13 |
---------------+----------------------------------------+-----
Summonings     | 5 6 7 8 9 10 12 13 14 15 | 15.2
Spellcasting   | 4 5 6 7 9 10 11 12 13 | 13.7
Dodging        | 3 4 5 6 8 9 10 11 | 11.0
Ice Magic      | 2 3 5 6 8 9 10 | 10.3
Air Magic      | 1 2 3 4 5 |  5.3
Hexes          | 2 6 7 8 |  8.6
Translocations | 1 |  1.0
Maces & Flails | |  0.8
Stealth        | |  2.4

Action                   |  1- 3 |  4- 6 |  7- 9 | 10-12 | 13-15 || total
-------------------------+-------+-------+-------+-------+-------++-------
Melee: Unarmed           |    19 |     2 |       |       |       ||    21
       Short sword       |       |     8 |    31 |    54 |       ||    93
       Morningstar       |       |       |       |    19 |    18 ||    37
       Headbutt          |       |       |       |     2 |     3 ||     5
       Staff             |       |       |       |       |     7 ||     7
 Cast: Summon Small Mamm |    25 |       |       |       |       ||    25
       Call Imp          |    32 |    11 |     2 |     4 |       ||    49
       Summon Ice Beast  |       |    15 |    49 |   187 |    22 ||   273
       Summon Lightning  |       |     7 |    35 |   115 |    46 ||   203
       Shadow Creatures  |       |       |       |     4 |       ||     4
       Metabolic Englaci |       |       |       |     9 |     3 ||    12
       Summon Demon      |       |       |       |    16 |    17 ||    33
       Cause Fear        |       |       |       |     1 |       ||     1
       Summon Forest     |       |       |       |     2 |     1 ||     3
       Monstrous Menager |       |       |       |       |     1 ||     1
Invok: Forget Spell      |       |       |       |     1 |       ||     1
Evoke: Wand              |       |       |     1 |       |       ||     1
  Use: Scroll            |     3 |     6 |    12 |    16 |     4 ||    41
       Potion            |     1 |     2 |     1 |    10 |     8 ||    22
 Stab: Distracted        |       |       |       |     2 |       ||     2
  Eat: Chunk             |     3 |     9 |    13 |    29 |     4 ||    58
       Ration            |       |       |     1 |     3 |     1 ||     5
Armor: Robe              |    21 |    13 |    14 |    49 |    18 ||   115
Dodge: Dodged            |    44 |    22 |    38 |   218 |   103 ||   425

Table legend:
 A = Spawn XP
 B = Non-spawn XP
 C = Spawn XP percentage of total XP
 D = Spawn monster count
 E = Non-spawn monster count
 F = Spawn count percentage of total count
 G = Total turns spent on level
                    A         B        C        D         E        F      G
               +---------+---------+-------+---------+---------+-------+---------
         Total |       0 |   51728 |   0.0 |       0 |     665 |   0.0 | 21141
               +---------+---------+-------+---------+---------+-------+---------
           D:1 |       0 |      23 |   0.0 |       0 |      19 |   0.0 |  1095
           D:2 |       0 |      44 |   0.0 |       0 |      16 |   0.0 |   515
           D:3 |       0 |     229 |   0.0 |       0 |      29 |   0.0 |   826
           D:4 |       0 |     162 |   0.0 |       0 |      19 |   0.0 |   877
           D:5 |       0 |     610 |   0.0 |       0 |      20 |   0.0 |  1081
           D:6 |       0 |     615 |   0.0 |       0 |      31 |   0.0 |   671
           D:7 |       0 |    1243 |   0.0 |       0 |      44 |   0.0 |  1259
           D:8 |       0 |    2255 |   0.0 |       0 |      29 |   0.0 |  1330
           D:9 |       0 |    2935 |   0.0 |       0 |      49 |   0.0 |  1223
          D:10 |       0 |    1949 |   0.0 |       0 |      33 |   0.0 |   999
          D:11 |       0 |    1179 |   0.0 |       0 |       9 |   0.0 |    86
        Lair:1 |       0 |    2060 |   0.0 |       0 |      22 |   0.0 |   896
        Lair:2 |       0 |    2958 |   0.0 |       0 |      33 |   0.0 |  1109
        Lair:3 |       0 |    4092 |   0.0 |       0 |      25 |   0.0 |  1032
        Lair:4 |       0 |     535 |   0.0 |       0 |      18 |   0.0 |   783
        Lair:5 |       0 |    3171 |   0.0 |       0 |      31 |   0.0 |  1004
        Lair:6 |       0 |   16884 |   0.0 |       0 |     123 |   0.0 |  1765
      Shoals:1 |       0 |    1319 |   0.0 |       0 |       7 |   0.0 |   169
           Lab |       0 |    4412 |   0.0 |       0 |      37 |   0.0 |  2864
        Bailey |       0 |    1535 |   0.0 |       0 |      16 |   0.0 |   402
         IceCv |       0 |    3518 |   0.0 |       0 |      55 |   0.0 |  1038
               +---------+---------+-------+---------+---------+-------+---------
